 Dungeon Crawl Stone Soup version 0.29.1-2-gbd0b4ee654 (webtiles) character file.

Game seed: 16012713256690180168

58 croobank the Caller (level 3, -5/14 HPs)
             Began as a Felid Summoner on Oct 31, 2022.
             Shot with an arrow by a centaur (14 damage)
             ... on level 3 of the Dungeon.
             The game lasted 00:05:44 (1808 turns).

croobank the Caller (Felid Summoner)                Turns: 1808, Time: 00:05:45

Health: -5/14      AC:  1    Str:  4    XL:     3   Next: 76%
Magic:  2/7        EV: 18    Int: 18    God:
Gold:   78         SH:  0    Dex: 16    Spells: 1/7 levels left
                                        Lives:  0   Deaths: 0

rFire   . . .      SeeInvis +   (weapon unavailable)
rCold   . . .      Faith    .   (shield unavailable)
rNeg    . . .      Spirit   .   (body armour unavailable)
rPois   .          Reflect  .   (helmet unavailable)
rElec   .          Harm     .   (cloak unavailable)
rCorr   .          Rampage  .   (gloves unavailable)
Will    .....                   (boots unavailable)
Stlth   +++.......              (no amulet)
HPRegen 0.04/turn               (no ring)
MPRegen 0.10/turn               (no ring)

@: quick
A: very small, claws 1, fangs 3, see invisible, speed 1, shaggy fur 1, stealthy
paws, no weapons or thrown items, no armour, multi-lived
a: no special abilities


You were on level 3 of the Dungeon.
You visited 1 branch of the dungeon, and saw 3 of its levels.

You collected 78 gold pieces.

Inventory:

Scrolls
 b - a scroll of magic mapping {unknown}
 c - 3 scrolls of immolation {unknown}
 d - a scroll of fear {unknown}
 g - a scroll of teleportation {unknown}
 h - a scroll of silence {unknown}
Potions
 e - a potion of heal wounds {unknown}
 f - 2 potions of curing


   Skills:
 + Level 0.1 Fighting
 + Level 3.7 Dodging
 - Level 3.7 Stealth
 + Level 2.5 Spellcasting
 + Level 4.3 Summonings


You had one spell level left.
You knew the following spells:

 Your Spells              Type           Power      Damage    Failure   Level
a - Summon Small Mammal   Summ           72%        N/A       2%          1
b - Call Imp              Summ           18%        N/A       4%          2
c - Call Canine Familiar  Summ           18%        N/A       9%          3

Your spell library contained the following spells:

 Spells                   Type           Power      Damage    Failure   Level
 Summon Guardian Golem    Hex/Summ       10%        N/A       22%         3
 Summon Lightning Spire   Summ/Air       10%        N/A       56%         4


Dungeon Overview and Level Annotations

Branches:
Dungeon (3/15)

Altars:
Elyvilon


Innate Abilities, Weirdness & Mutations

You have sharp claws.
You have razor-sharp teeth.
You have supernaturally acute eyesight. (SInv)
You cover ground quickly. (Speed+)
You are covered in fur. (AC +1)
Your paws help you pounce on unaware monsters.
You are incapable of wielding weapons or throwing items.
You cannot wear armour.
You gain extra lives every three experience levels.


Message History

Your hound dies!
Your hound's corpse disappears in a puff of smoke!
The rat closely misses you.
Sorry, you're not good enough to have a special ability.
Unknown command.
Unknown command.
Casting: Call Canine Familiar (astonishingly dangerous; 9% risk of failure)
Confirm with . or Enter, or press ? or * to list all spells.
The centaur shoots an arrow.
The arrow misses you. The rat completely misses you.
What are your orders? t - Meow!
Orders for allies: a - Attack new target. p - Attack previous target. r - Retreat! s - Stop attacking. g - Guard the area. f - Follow me.
Anything else - Cancel.
Gang up on whom?
Press: ? - help, Dir - move target, f/p - centaur
Aim: a centaur, wielding a +0 shortbow (moderately wounded)
Okay, then.
The centaur shoots an arrow.
The arrow misses your hound. The arrow barely misses you.
The centaur shoots an arrow.
The arrow hits you.
* * * LOW HITPOINT WARNING * * *
The rat barely misses your hound.
It was a potion of curing.
You feel better.
Your hound bites the rat.
The rat dies!
The centaur shoots an arrow.
The arrow closely misses you. What are your orders? t - Meow!
Orders for allies: a - Attack new target. p - Attack previous target. r - Retreat! s - Stop attacking. g - Guard the area. f - Follow me.
Anything else - Cancel.
Gang up on whom?
Press: ? - help, Dir - move target, f/p - centaur
Aim: a centaur, wielding a +0 shortbow (moderately wounded, ally target) Attack!
The centaur shoots an arrow.
The arrow barely misses your hound. The arrow hits you!
Ouch! That really hurt!
You die...

##### #...####### ###
#........<#
##########.###...#####.#
#...........###.## #.#
#. #.###.....##.# #.# #.
#.# #........# #.#
#.##.###.#.###### #.#
#..c.h.@.#.# #.#
#..###.###.# #.# #..#
#†# #+# #rc# #.#
#.#...#.# #...#.#..
......... ...... ...
##...##.#....


You could see a centaur (ally target) and a friendly hound (summoned).

Vanquished Creatures
  A ball python (D:1)
  A goblin (D:2)
  A quokka (D:2)
  A bat (D:2)
4 creatures vanquished.

Vanquished Creatures (collateral kills)
  An adder (D:2)
  2 worms (D:2)
  A dart slug (D:1)
  3 orcs (D:2)
  An endoplasm (D:1)
  2 giant cockroaches (D:2)
  3 goblins
  7 hobgoblins
  A quokka (D:2)
  3 ball pythons
  2 bats
  2 frilled lizards
  A kobold (D:2)
  4 rats
33 creatures vanquished.

Grand Total: 37 creatures vanquished

Notes
Turn   | Place    | Note
-------+----------+-------------------------------------------
     0 | D:1      | croobank the Felid Summoner began the quest for the Orb.
     0 | D:1      | Reached XP level 1. HP: 7/7 MP: 4/4
   175 | D:1      | Reached XP level 2. HP: 11/11 MP: 6/6
   251 | D:1      | You fall into a shaft and drop 1 floor!
   367 | D:2      | Learned a level 2 spell: Call Imp
   579 | D:2      | Identified the +6 dagger "Cuwoang" {pain, rElec Will+
                  | Str+3}
   598 | D:2      | Reached XP level 3. HP: 14/14 MP: 4/7
   602 | D:2      | Learned a level 3 spell: Call Canine Familiar
  1270 | D:2      | Found a white marble altar of Elyvilon.
  1789 | D:3      | Noticed a centaur
  1808 | D:3      | Shot with an arrow by a centaur

Illustrated notes

Levels and vault maps discovered:
D:1:      wheals_arrival_shading, layout_loops_corners, serial_glass,
          glass_columns_b, glass_columns_a, minmay_crystal_room,
          serial_park_tiny_2
D:2:      minmay_spotlight, layout_basic, basic_altar, guppyfry_early_orc_mine
D:3:      layout_loops_corners, basic_ecumenical_altar

Skill      XL: |  1 |
---------------+----+-----
Stealth        | 3 |  3.7
Dodging        | 3 |  3.7
Fighting       | |  0.1
Spellcasting   | |  2.5
Summonings     | |  4.3

Action                   || total
-------------------------++-------
Melee: Unarmed           ||    16
       Bite              ||     1
 Cast: Summon Small Mamm ||    38
       Call Imp          ||     7
       Call Canine Famil ||    10
  Use: Potion            ||     2
 Stab: Sleeping          ||     1
Armor: Skin              ||     2
Dodge: Dodged            ||    40
